 Dungeon Crawl Stone Soup version 0.24-a0-520-g8fd06ad0bc (webtiles) character file.

Game seed: 16088599541601901714

85 oki the Chopper (level 4, 0/58 HPs)
             Began as a Hill Orc Monk on July 25, 2019.
             Was a Believer of Makhleb.
             Succumbed to an adder's poison
             ... on level 2 of the Dungeon.
             The game lasted 00:02:47 (1795 turns).

oki the Chopper (Hill Orc Monk)                     Turns: 1795, Time: 00:02:48

Health: 0/58       AC: 22    Str: 14    XL:     4   Next: 48%
Magic:  5/5        EV:  2    Int: 10    God:    Makhleb [**....]
Gold:   97         SH:  0    Dex: 13    Spells: 3/3 levels left

rFire    . . .     SeeInvis .   a - +0 hand axe
rCold    . . .     Gourm    .   (no shield)
rNeg     + + +     Faith    .   (armour currently unavailable)
rPois    +         Spirit   .   (helmet currently unavailable)
rElec    .         Reflect  .   (cloak currently unavailable)
rCorr    .         Harm     .   (gloves currently unavailable)
MR       .....     NoTele   +   (boots currently unavailable)
Stlth    ++........             (no amulet)
HPRegen  0.19/turn              g - ring of wizardry
MPRegen  0.09/turn              (no ring)

@: lethally poisoned (0 -> -6), tree-form
A: no striking features
a: Minor Destruction, Renounce Religion


You were on level 2 of the Dungeon.
You worshipped Makhleb.
Makhleb was pleased with you.
You were not hungry.
You were a tree.
You visited 1 branch of the dungeon, and saw 2 of its levels.

You collected 97 gold pieces.

Inventory:

Hand Weapons
 a - a +0 hand axe (weapon)
Armour
 b - a +0 robe (melded)
 d - a cursed +0 shield
Jewellery
 g - a ring of wizardry (left branch)
Scrolls
 i - a scroll of remove curse {unknown}
Potions
 h - a potion of curing {unknown}
 j - a potion of invisibility {unknown}
 k - a potion of degeneration {unknown}
Comestibles
 c - 5 rations
 l - 4 chunks of flesh


   Skills:
 - Level 3.6 Fighting
 * Level 6.5 Axes
 - Level 2.4 Dodging
 - Level 1.5 Stealth
 + Level 1.4 Invocations


You had 3 spell levels left.
You didn't know any spells.
Your spell library was empty.

Dungeon Overview and Level Annotations

Branches:
Dungeon (2/15)

Altars:
Makhleb
Xom


Message History

You are lethally poisoned!
The worker ant poisons you! The adder bites you.
* * * LOW HITPOINT WARNING * * *
You are more poisoned.
The adder poisons you!
You hit the worker ant but do no damage.
The worker ant is almost dead.
You closely miss the adder.
* * * LOW HITPOINT WARNING * * *
You feel sick.
The worker ant bites you but does no damage.
The adder misses you.
It was a potion of lignification.
You turn into a tree.
Your +0 robe melds into your body.
Your roots penetrate the ground.
* * * LOW HITPOINT WARNING * * *
You feel sick.
The worker ant bites you but does no damage.
The adder bites you but does no damage.
It was a potion of flight.
Your roots keep you in place.
You die...

.........÷### .##
.......#....##
##..# ......
#.....# #.....
.....
###...#####......
.....
##.............
.....
##...#>.......
###..........
###.a......
#S♣$......
#......†.......
...............
...........####
...........#
#..(......##
##...#...##
#########


You could see a worker ant and an adder.

Vanquished Creatures
  2 adders (D:2)
  An ooze (D:2)
  A worm (D:2)
  2 dart slugs (D:1)
  3 leopard geckos
  A bat (D:1)
  5 giant cockroaches
  11 hobgoblins
  4 frilled lizards
  8 goblins
  8 kobolds
  A rat (D:2)
47 creatures vanquished.

Notes
Turn   | Place    | Note
-------+----------+-------------------------------------------
     0 | D:1      | oki the Hill Orc Monk began the quest for the Orb.
     0 | D:1      | Reached XP level 1. HP: 19/19 MP: 1/1
   186 | D:1      | Reached XP level 2. HP: 18/26 MP: 2/2
   196 | D:1      | Reached skill level 5 in Axes
   652 | D:1      | Reached XP level 3. HP: 31/31 MP: 3/3
  1244 | D:2      | Found a burning altar of Makhleb.
  1251 | D:2      | Reached skill level 6 in Axes
  1269 | D:2      | Became a worshipper of Makhleb the Destroyer
  1269 | D:2      | Reached * piety under Makhleb
  1269 | D:2      | Reached ** piety under Makhleb
  1291 | D:2      | Found a shimmering altar of Xom.
  1621 | D:2      | Reached XP level 4. HP: 37/39 MP: 4/4
  1629 | D:2      | Reached skill level 1 in Invocations
  1793 | D:2      | HP: 1/39 [poisoned by an adder]
  1795 | D:2      | Succumbed to an adder's poison

Levels and vault maps discovered:
D:1:      dpeg_cavernosity, layout_basic
D:2:      layout_rooms, nicolae_overflow_quartered_altars, first_ration

Skill      XL: |  1  2  3  4 |
---------------+-------------+-----
Axes           | 5 6 |  6.5
Invocations    | 1 |  1.4
Fighting       | |  3.6
Dodging        | |  2.4
Stealth        | |  1.5

Action                   |  1- 3 |  4- 6 || total
-------------------------+-------+-------++-------
Melee: Hand axe          |   101 |    35 ||   136
  Use: Potion            |       |     2 ||     2
 Stab: Sleeping          |     2 |       ||     2
  Eat: Chunk             |     2 |     1 ||     3
Armor: Robe              |    16 |     4 ||    20
       Skin              |       |     2 ||     2
Dodge: Dodged            |    59 |    26 ||    85

Table legend:
 A = Non-vault XP
 B = Vault XP
 C = Vault XP percentage of total XP
 D = Non-vault monster count
 E = Vault monster count
 F = Vault count percentage of total count
                 A         B        C        D         E       F
            +---------+---------+-------+---------+---------+-------
      Total |     113 |       9 |   7.4 |      43 |       4 |   8.5
            +---------+---------+-------+---------+---------+-------
        D:1 |      49 |       9 |  15.5 |      26 |       4 |  13.3
        D:2 |      64 |       0 |   0.0 |      17 |       0 |   0.0
            +---------+---------+-------+---------+---------+-------
